 Dungeon Crawl Stone Soup version 0.30-a0-162-g2ba88f6271 (webtiles) character file.

Game seed: 12000497709479089332

3595 Kinoniko the Cleaver (level 9, -7/123 HPs)
             Began as a Minotaur Berserker on Sept 28, 2022.
             Was an Elder of Trog.
             Killed from afar by Erica (18 damage)
             ... with an iceblast
             ... on level 8 of the Dungeon.
             The game lasted 00:07:54 (8570 turns).

Kinoniko the Cleaver (Minotaur Berserker)           Turns: 8570, Time: 00:07:55

Health: -7/123     AC:  8    Str: 23    XL:     9   Next: 85%
Magic:  8/8        EV: 13    Int:  6    God:    Trog [****..]
Gold:   487        SH:  0    Dex: 11    Spells: 8/8 levels left

rFire   + . .      SeeInvis .    s - +2 war axe
rCold   . . .      Faith    +    (no shield)
rNeg    . . .      Spirit   .    o - +2 ring mail {Will+}
rPois   .          Reflect  .    (helmet restricted)
rElec   .          Harm     .    v - +0 cloak
rCorr   .          Rampage  .    (no gloves)
Will    ++...                    (no boots)
Stlth   ..........               m - amulet of faith
HPRegen 0.30/turn                y - ring of protection from fire
MPRegen 0.11/turn                F - ring of willpower

@: berserking, lethally poisoned (-7 -> -11), very quick
A: horns 2, retaliatory headbutt
a: Renounce Religion, Berserk, Trog's Hand, Brothers in Arms


You were on level 8 of the Dungeon.
You worshipped Trog.
Trog was greatly pleased with you.
You visited 1 branch of the dungeon, and saw 8 of its levels.

You collected 487 gold pieces.

Inventory:

Hand Weapons
 a - a +1 hand axe
 s - a +2 war axe (weapon)
 J - a +0 vorpal war axe
Armour
 b - a +0 animal skin
 d - a +0 leather armour
 e - a +0 chain mail
 o - a +2 ring mail of willpower (worn)
 v - a +0 cloak (worn)
Jewellery
 m - an amulet of faith (around neck)
 t - a ring of magical power
 y - a ring of protection from fire (left hand)
 A - an amulet of regeneration
 E - a ring of see invisible
 F - a ring of willpower (right hand)
 H - a +6 ring of intelligence
Wands
 k - a wand of flame (9)
 w - a wand of mindburst (15)
 B - a wand of iceblast (5)
Scrolls
 c - a scroll of noise
 h - 3 scrolls of magic mapping
 l - 2 scrolls of vulnerability
 p - 3 scrolls of teleportation
 x - a scroll of torment
 C - a scroll of fear
 I - a scroll of identify
Potions
 f - 6 potions of heal wounds
 g - 3 potions of haste {unknown}
 i - 2 potions of degeneration {unknown}
 j - 3 potions of attraction {unknown}
 n - a potion of might {unknown}
 q - 2 potions of ambrosia {unknown}
 r - 3 potions of curing {unknown}
 u - a potion of brilliance {unknown}
 z - 3 potions of berserk rage {unknown}
 D - a potion of cancellation {unknown}
 G - a potion of lignification {unknown}


   Skills:
 + Level 8.7 Fighting
 * Level 13.1 Axes
 - Level 2.4 Armour
 + Level 7.5 Dodging


You had 8 spell levels left.
You didn't know any spells.
Your spell library was empty.

Dungeon Overview and Level Annotations

Branches:
Dungeon (8/15)             Temple (0/1) D:6
   Lair: D:8-11

Altars:
Ashenzari
Fedhas
Okawaru
Uskayaw
Vehumet
Xom

Shops:
D:1 [

Annotations:
D:3 2 transporters, Stonecrops's ghost, weakling DsGl
D:8 1 runed translucent door, Erica; Stonecrops's ghost, novice DsFi


Innate Abilities, Weirdness & Mutations

You have a pair of horns on your head.
You reflexively headbutt those who attack you in melee.


Message History

a +2 shortbow of freezing; a +2 falchion of electrocution; a centaur corpse Stonecrops's ghost turns its malevolent gaze towards you.
The ynoxinul bellows!
There is an open door here.
Stonecrops's ghost says, "I died to destroy people like you for fun."
Stonecrops's ghost says, "First you will suffer, then you will die."
Stonecrops's ghost wails, "You will never get the ORB!"
Erica the Fiery-Tempered comes into view.
She is wielding a +2 scimitar of flaming and carrying a wand of iceblast (12).
Erica shouts!
Erica mumbles some strange words.
Erica flickers and vanishes!
Deactivating autopickup; reactivate with Ctrl-A.
No target in view!
Unknown command.
You hear some strange, mumbled words.
A bolt of poison appears from out of thin air!
The bolt of poison hits you!!
You are poisoned.
You feel very sick.
You hear a zap.
An iceblast appears from out of thin air!
The mass of ice explodes!
The iceblast engulfs you!!
You feel very sick.
You feel sick. Something hits you.
You barely miss something. You headbutt something.
You feel sick.
You hear some strange, mumbled words.
A lance of force appears from out of thin air!
The lance of force hits you!
* * * LOW HITPOINT WARNING * * *
You are knocked back by the lance of force.
Unknown command.
A red film seems to cover your vision as you go berserk!
You feel yourself moving faster!
You feel mighty!
You feel sick.
Something tries to affect you, but you resist.
You feel a strong urge to attack something.
You feel sick.
You hear a zap.
An iceblast appears from out of thin air!
The mass of ice explodes!
The iceblast engulfs you!!
You die...

..).....+ #........#.........
..).)...# #........#.........
........# #........#....#####
###.....# #.......##....#..(.
.##.....# ##.......##....#∩.:.
.##.....# #......:.##....#....
.##.....##. #........##....#....
.'.......#...#.....>........#3.P.
.##......#...'{.@...........#W...
##.......#...#..............#....
#.######## ##..##+####....#∩...
##.....### #####...##....###+#
#......... #...............
#......... #...............
#......... #..........#....
###......###.....##.........#....
.##......###.....##.........#....


There were no monsters in sight!

Vanquished Creatures
  Pikel (D:4)
  Psyche (D:8)
  Grinder (D:4)
  2 steam dragons (D:8)
  A water moccasin (D:6)
  Duvessa (D:4)
  A sky beast (D:6)
  2 black bears
  3 ogres
  4 centaurs
  3 lemures (D:4)
  A kobold brigand (D:6)
  A gnoll sergeant (D:7)
  A necrophage (D:7)
  5 scorpions
  3 wights (D:8)
  Dowan (D:4)
  2 jellies
  2 hounds
  4 iguanas
  3 orc wizards
  Natasha (twice) (D:2)
  12 gnolls
  10 adders
  2 white imps
  An ufetubus (D:7)
  4 worms
  2 dart slugs (D:1)
  23 orcs
  9 ball pythons
  9 endoplasms
  A giant cockroach (D:2)
  9 goblins
  11 hobgoblins
  11 jackals
  3 quokkas
  2 bats
  4 frilled lizards (D:1)
  4 kobolds
  7 rats
169 creatures vanquished.

Vanquished Creatures (others)
  16 plants
16 creatures vanquished.

Grand Total: 185 creatures vanquished

Notes
Turn   | Place    | Note
-------+----------+-------------------------------------------
     0 | D:1      | Kinoniko the Minotaur Berserker began the quest for the
                  | Orb.
     0 | D:1      | Reached XP level 1. HP: 19/19 MP: 0/0
    76 | D:1      | Reached skill level 4 in Axes
   138 | D:1      | Found Udisuf's Armour Shop.
   148 | D:1      | Reached XP level 2. HP: 15/26 MP: 1/1
   641 | D:1      | Reached skill level 5 in Axes
   973 | D:1      | Reached XP level 3. HP: 31/31 MP: 2/2
  1294 | D:2      | Reached ** piety under Trog
  1605 | D:2      | Reached XP level 4. HP: 37/39 MP: 3/3
  1680 | D:2      | Reached skill level 6 in Axes
  1793 | D:2      | Found a faded altar of an unknown god.
  1916 | D:2      | Noticed Natasha
  1920 | D:2      | Killed Natasha
  2242 | D:2      | Noticed Natasha
  2244 | D:2      | Killed Natasha
  2548 | D:3      | Reached XP level 5. HP: 35/45 MP: 4/4
  2554 | D:3      | Reached skill level 7 in Axes
  2705 | D:3      | Noticed a black bear
  2709 | D:3      | Killed a black bear
  2798 | D:3      | Reached XP level 6. HP: 52/52 MP: 5/5
  2858 | D:3      | Found a broken altar of Ashenzari.
  2908 | D:3      | Found a transporter.
  2923 | D:3      | Reached *** piety under Trog
  3090 | D:3      | Found a transporter.
  3515 | D:3      | Noticed Stonecrops's ghost (weakling DsGl)
  3919 | D:4      | Reached skill level 8 in Axes
  3953 | D:4      | Noticed Pikel
  3964 | D:4      | Killed Pikel
  3965 | D:4      | Reached skill level 5 in Fighting
  3965 | D:4      | Reached skill level 9 in Axes
  3965 | D:4      | Reached XP level 7. HP: 58/61 MP: 6/6
  4200 | D:4      | Noticed Duvessa
  4200 | D:4      | Noticed Dowan
  4209 | D:4      | Killed Dowan
  4210 | D:4      | Killed Duvessa
  4513 | D:4      | Noticed Grinder
  4522 | D:4      | Killed Grinder
  4523 | D:4      | Reached skill level 10 in Axes
  4523 | D:4      | Reached skill level 5 in Dodging
  4523 | D:4      | Reached XP level 8. HP: 70/70 MP: 7/7
  5226 | D:5      | Entered Level 5 of the Dungeon
  5492 | D:5      | Reached skill level 11 in Axes
  5585 | D:5      | Found a blossoming altar of Fedhas.
  5697 | D:5      | Found a shimmering altar of Xom.
  5771 | D:6      | Reached XP level 9. HP: 33/79 MP: 8/8
  6206 | D:6      | Found a staircase to the Ecumenical Temple.
  6239 | D:6      | Reached **** piety under Trog
  6551 | D:6      | Found a radiant altar of Vehumet.
  6785 | D:7      | Reached skill level 12 in Axes
  7046 | D:7      | Found an iron altar of Okawaru.
  7908 | D:8      | Found a hide-covered altar of Uskayaw.
  8053 | D:8      | Noticed Psyche
  8060 | D:8      | Killed Psyche
  8189 | D:8      | Found a runed translucent door.
  8189 | D:8      | Noticed Stonecrops's ghost (novice DsFi)
  8318 | D:8      | Reached skill level 13 in Axes
  8562 | D:8      | Noticed Erica
  8570 | D:8      | Killed from afar by Erica

Illustrated notes

Levels and vault maps discovered:
D:1:      dpeg_arrival_erosion, layout_loops_ring, serial_shops, shop
D:2:      layout_basic, ebering_ecumenical_altar_box, uniq_natasha
D:3:      layout_basic, cheibrodos_ashenzari_chains, serial_bayou,
          serial_bayou_pond_a, serial_bayou_shore_b, serial_bayou_lagoon_b,
          serial_bayou_shore_b, gammafunk_ghost_gnarly_gnolls, minmay_distorted
D:4:      minmay_angry_zag, layout_loops_corners, uniq_duvessa, uniq_pikel,
          uniq_grinder
D:5:      layout_rooms, fedhas_altar_1, mainiacjoe_overflow_catwalk
D:6:      layout_cave_pools, mainiacjoe_overflow_alcove_4,
          minmay_temple_entry_offerings
D:7:      layout_basic, okawaru_gym_becter
D:8:      layout_gridville, mainiacjoe_overflow_chevrons,
          hellmonk_ghost_big_iron, uniq_psyche, uniq_erica

Skill      XL: |  1  2  3  4  5  6  7  8  9 |
---------------+----------------------------+-----
Axes           | 4 5 6 7 9 10 11 13 | 13.1
Fighting       | 4 5 6 7 8 |  8.7
Dodging        | 4 5 6 7 |  7.5
Armour         | |  2.4

Action                   |  1- 3 |  4- 6 |  7- 9 || total
-------------------------+-------+-------+-------++-------
Melee: Hand axe          |    75 |   149 |   189 ||   413
       Headbutt          |    15 |    26 |    48 ||    89
       Punch             |     1 |     2 |     1 ||     4
       War axe           |       |       |    53 ||    53
Invok: Berserk           |       |     3 |     7 ||    10
  Use: Scroll            |       |     7 |     6 ||    13
Armor: Chain mail        |    17 |     6 |       ||    23
       Leather armour    |     2 |       |       ||     2
       Animal skin       |     1 |       |       ||     1
       Ring mail         |       |    55 |    73 ||   128
Dodge: Dodged            |    27 |    74 |   126 ||   227

Table legend: (Time is in decaauts)
 A = Elapsed time spent in this place.
 B = Non-inter-level travel time spent in this place.
 C = Inter-level travel time spent in this place.
 D = Time resting spent in this place.
 E = Time spent auto-exploring this place.
 F = Levels seen in this place.
 G = Mean time per level.
                   A        B        C        D        E       F      G
               +--------+--------+--------+--------+--------+-----+--------+
         Total |   8612 |   8080 |    532 |    989 |   6058 |   8 | 1076.5 |
       Dungeon |   8612 |   8080 |    532 |    989 |   6058 |   8 | 1076.5 |
               +--------+--------+--------+--------+--------+-----+--------+

Top non-repeatable levels by time:
     D:4: 1643 daAuts
     D:2: 1396 daAuts
     D:1: 1133 daAuts
     D:3: 1113 daAuts
     D:7: 1005 daAuts
     D:5: 795 daAuts
     D:8: 781 daAuts
     D:6: 744 daAuts
